 Dungeon Crawl Stone Soup version 0.31-a0-486-g8d68a81214 (webtiles) character file.

Game seed: 7880542402493438568

95187 Jase the Grappler (level 15, -9/188 HPs)
             Began as a Troll Shapeshifter on Aug 7, 2023.
             Was the Champion of Wu Jian.
             Mangled by a fenstrider witch (17 damage)
             ... on level 3 of the Swamp.
             The game lasted 01:35:33 (19686 turns).

Jase the Grappler (Troll Shapeshifter)             Turns: 19686, Time: 01:35:33

Health: -9/188     AC: 15    Str: 32    XL:     15   Next: 65%
Magic:  14/14      EV: 16    Int:  4    God:    Wu Jian [******]
Gold:   1718       SH:  0    Dex: 16    Spells: 14/14 levels left

rFire   . .          .
                       - Unarmed
rCold   + . .        (shield currently unavailable)
rNeg    . . .        r - melded +3 troll leather armour
rPois   .            W - melded +1 hat
rElec   .            d - melded +1 cloak of the Carpenter {rC++ Will+}
rCorr   .            (gloves unavailable)
SInv    .            (boots unavailable)
Will    +....        (no amulet)
Stlth   +            D - ring of protection from cold
HPRegen 1.31/turn    x - +4 ring of protection
MPRegen 0.14/turn

%: no passive effects
@: snake-form, studying 2 skills
A: constrict, boosted hp, large, unfitting armour, (claws 3), regeneration 1,
(shaggy fur 1), (tough skin 1)
a: Begin Untransformation, Renounce Religion, Wall Jump, Serpent's Lash,
Heavenly Storm


You were on level 3 of the Swamp.
You worshipped Wu Jian.
Wu Jian was exalted by your worship.
You were an enormous anaconda.
You visited 5 branches of the dungeon, and saw 21 of its levels.
You also visited: Sewer, Gauntlet and Ice Cave.

You collected 2121 gold pieces.
You spent 403 gold pieces at shops.

Inventory:

Missiles
 k - 12 boomerangs
 m - 12 curare-tipped darts
 A - 3 throwing nets
 Q - 15 javelins
 V - 3 silver javelins
Armour
 d - the +1 cloak of the Carpenter (melded) {rC++ Will+}
   (You acquired it on level 4 of the Lair of Beasts)

   rC:        It greatly protects you from cold.
   Will:      It increases your willpower.
 i - a scarf of resistance
 r - a +3 troll leather armour (melded)
 W - a +1 hat (melded)
Jewellery
 f - a +5 ring of evasion
 x - a +4 ring of protection (right hand)
 y - a ring of see invisible
 D - a ring of protection from cold (left hand)
 O - a ring of flight
 X - a ring of willpower
 Z - a ring of willpower
Talismans
 c - a beast talisman
 n - a maw talisman
 C - a serpent talisman (active)
 K - a storm talisman
Wands
 g - a wand of flame (45)
 H - a wand of charming (35)
 L - a wand of mindburst (24)
 N - a wand of polymorph (4)
 P - a wand of acid (27)
 R - a wand of digging (6)
 Y - a wand of iceblast (15)
Scrolls
 p - 2 scrolls of blinking
 q - 3 scrolls of fear
 s - a scroll of silence
 t - a scroll of fog
 u - a scroll of enchant armour
 v - 9 scrolls of teleportation
 I - a scroll of butterflies
 T - 3 scrolls of revelation
Potions
 b - 3 potions of lignification
 e - 2 potions of cancellation
 h - 2 potions of haste
 j - 5 potions of curing
 o - 6 potions of mutation
 z - 5 potions of heal wounds
 B - 4 potions of might
 E - 2 potions of enlightenment
 G - 6 potions of attraction
 J - 5 potions of invisibility
 U - a potion of resistance
Miscellaneous
 a - a phantom mirror
 M - a lightning rod (4/4)
 S - a box of beasts


   Skills:
 + Level 12.2 Fighting
 - Level 3.0 Maces & Flails
 + Level 12.2 Dodging
 + Level 14.6 Unarmed Combat
 + Level 12.5 Shapeshifting


You had 14 spell levels left.
You didn't know any spells.
Your spell library contained the following spells:

 Spells                   Type           Power      Damage    Failure   Level
 Apportation              Tloc           0%         N/A       50%         1
 Freeze                   Ice            0%         1d3       50%         1
 Shock                    Conj/Air       0%         1d3       50%         1
 Ensorcelled Hibernation  Hex/Ice        0%         N/A       65%         2
 Passwall                 Tmut/Erth      0%         N/A       65%         2
 Sublimation of Blood     Necr           0%         N/A       65%         2
 Call Canine Familiar     Summ           0%         N/A       86%         3
 Dazzling Flash           Conj/Hex       0%         N/A       86%         3
 Gell's Gravitas          Tloc           0%         N/A       86%         3
 Ignite Poison            Fire/Tmut/Pois 0%         N/A       86%         3
 Inner Flame              Hex/Fire       0%         N/A       86%         3
 Portal Projectile        Hex/Tloc       0%         N/A       86%         3
 Summon Guardian Golem    Hex/Summ       0%         N/A       86%         3
 Swiftness                Air            0%         N/A       86%         3
 Teleport Other           Tloc           0%         N/A       86%         3
 Airstrike                Air            0%         2d(0-16)  99%         4
 Animate Dead             Necr           0%         N/A       99%         4
 Leda's Liquefaction      Hex/Erth       0%         N/A       99%         4
 Olgreb's Toxic Radiance  Pois           0%         N/A       99%         4
 Passage of Golubria      Tloc           0%         N/A       99%         4
 Sticky Flame             Conj/Fire      0%         2d3       99%         4
 Agony                    Necr           0%         N/A       100%        5
 Alistair's Intoxication  Tmut/Pois      0%         N/A       100%        5
 Borgnjor's Vile Clutch   Necr/Erth      0%         N/A       100%        5
 Lee's Rapid Deconstruct  Erth           0%         3d4*      100%        5
 Metabolic Englaciation   Hex/Ice        0%         N/A       100%        5
 Silence                  Hex/Air        0%         N/A       100%        5
 Yara's Violent Unravell  Hex/Tmut       0%         3d3       100%        5
 Death Channel            Necr           0%         N/A       100%        6
 Dispersal                Tloc           0%         N/A       100%        6
 Eringya's Noxious Bog    Tmut/Pois      0%         4d6       100%        6
 Leda's Unmaking          Conj/Erth      0%         9d1       100%        6
 Simulacrum               Ice/Necr       0%         N/A       100%        6
 Enfeeble                 Hex            0%         N/A       100%        7
 Orb of Destruction       Conj           0%         9d5       100%        7
 Ozocubu's Refrigeration  Ice            0%         4d7       100%        7
 Spellforged Servitor     Conj/Summ      0%         N/A       100%        7
 Discord                  Hex            0%         N/A       100%        8
 Ignition                 Fire           0%         3d3       100%        8
 Infestation              Necr           0%         N/A       100%        8
 Lehudib's Crystal Spear  Conj/Erth      0%         10d2      100%        8
 Polar Vortex             Ice            0%         N/A       100%        9


Dungeon Overview and Level Annotations

Branches:
Dungeon (10/15)            Temple (1/1) D:7            Lair (5/5) D:8
  Swamp (3/4) Lair:3       Spider (0/4) Lair:2        Slime (0/5) Lair:4
    Orc (2/2) D:9             Elf (0/3) Orc:2         Sewer (visited)
  IceCv (visited)         Gauntlet (visited)

Altars:
Ashenzari
Cheibriados
Dithmenos
Elyvilon
Fedhas
Gozag
Hepliaklqana
Kikubaaqudgha
Makhleb
Nemelex Xobeh
Okawaru
Qazlal
Ru
Sif Muna
Trog
Uskayaw
Vehumet
Wu Jian
Xom
Yredelemnul
Zin
The Shining One
Jiyva

Shops:
D:6 (!(   D:10 **   Orc:2 *(([:?

Portals:
Abyss: Orc:2

Annotations:
Temple 2 transporters
Lair:5 2 transporters, jejorda2's ghost, journeyman GnBe
Swamp:1 3 exclusions
Swamp:2 1 runed translucent door, Lusaduv's ghost, adept MiBe
Orc:2 2 transporters, Dittersdorf's ghost, journeyman GrFi


Innate Abilities, Weirdness & Mutations

You are an enormous anaconda.
You have a powerful constriction melee attack.
Your maximum health is increased.
Your armour is entirely melded.
You are incapable of wielding weapons or throwing items.
You are too large for most types of armour.
((You have claws for hands.))
Your natural rate of healing is unusually fast.
((You are covered in fur. (AC +1)))
((You have tough skin. (AC +1)))


Message History

You body-slam the fenstrider witch!!
The fenstrider witch is severely wounded.
The fenstrider witch misses you. The fenstrider witch kicks you!
You hit the fenstrider witch.
The fenstrider witch is severely wounded.
The fenstrider witch barely misses you. The fenstrider witch kicks you!!
You miss the fenstrider witch.
The fenstrider witch is severely wounded.
The fenstrider witch hits you.
The fenstrider witch kicks you but does no damage.
You completely miss the fenstrider witch.
The fenstrider witch is severely wounded.
The fenstrider witch hits you but does no damage.
The fenstrider witch kicks you but does no damage.
You lash the fenstrider witch!
The fenstrider witch is almost dead.
The fenstrider witch casts a spell at you.
Your body is wracked with pain!
* * * LOW HITPOINT WARNING * * *
You closely miss the fenstrider witch.
The fenstrider witch is almost dead.
The fenstrider witch gestures at you while chanting.
Your body is wracked with pain!
* * * LOW HITPOINT WARNING * * *
You closely miss the fenstrider witch.
The fenstrider witch is almost dead.
The fenstrider witch hits you!
* * * LOW HITPOINT WARNING * * *
The fenstrider witch kicks you.
* * * LOW HITPOINT WARNING * * *
You barely miss the fenstrider witch.
The fenstrider witch is almost dead.
The fenstrider witch casts a spell at you.
Your body is wracked with pain!
* * * LOW HITPOINT WARNING * * *
Unknown command.
You lash the fenstrider witch!
The fenstrider witch is almost dead.
The fenstrider witch hits you!
You die...

~≈♣.≈≈~ ~.~~~ .~.~
♣≈~ #♣♣~# ♣.♣~#
♣.♣~# ♣♣~♣H#
♣♣.~♣S## ♣.~~.~.♣
♣[.~..♣♣
♣♣.§~.~.♣♣♣♣♣
♣♣~§~~~~~....~<
♣~.~..~..~♣~~~~
♣♣♣.~~~~†~~~~~~..
♣♣~~..~♣~~...§♣♣~~♣
.~~~♣~........~.~~~


You could see a fenstrider witch.

Vanquished Creatures
  Saint Roka (Orc:2)
  A tentacled monstrosity (Swamp:2)
  A lich (IceCv)
  2 fenstrider witches (Swamp:3)
  4 eleionomae
  A minotaur (Gauntlet)
  2 bunyips
  Josephine (Orc:1)
  2 shambling mangroves
  2 caustic shrike simulacra (IceCv)
  7 hydras
  A ghost crab (Swamp:2)
  A catoblepas (Gauntlet)
  3 two-headed ogres
  5 alligators
  Urug (Orc:2)
  3 orc high priests (Orc:2)
  Sonja (D:10)
  A pharaoh ant (Lair:2)
  A fire crab (Gauntlet)
  A sixfirhy (Gauntlet)
  A skyshark (Lair:3)
  2 goliath frogs
  2 spriggan druids (Swamp:2)
  2 spriggan simulacra (IceCv)
  An obsidian statue (IceCv)
  6 orc knights (Orc:2)
  7 bog bodies
  5 orc sorcerers
  A necromancer (IceCv)
  2 will-o-the-wisps
  2 ice statues (Swamp:1)
  12 black mambas
  4 elephants (Lair:2)
  4 molten gargoyles (D:10)
  A gargoyle (Gauntlet)
  5 komodo dragons
  A minotaur zombie (Gauntlet)
  An unseen horror (D:10)
  3 rime drakes (Lair:5)
  8 cane toads
  2 kobold demonologists
  An ice devil (IceCv)
  14 freezing wraiths (IceCv)
  An anaconda simulacrum (IceCv)
  A golden dragon simulacrum (IceCv)
  2 trolls (Orc:2)
  17 hornets
  4 polar bears (Lair:5)
  8 tyrant leeches
  20 blink frogs
  5 flying skulls (Gauntlet)
  16 spriggans
  3 wraiths (Orc:1)
  A vampire (D:9)
  6 wyverns
  5 dire elephant simulacra (IceCv)
  13 yaks
  4 fire bats (Gauntlet)
  3 basilisks
  2 redbacks (Lair:2)
  2 harpy simulacra (IceCv)
  A minotaur simulacrum (IceCv)
  7 swamp worms
  17 water moccasins
  4 wargs
  2 acid dragons
  2 hydra simulacra (IceCv)
  A swamp drake (Swamp:2)
  An ice beast (D:5)
  2 alligator simulacra (IceCv)
  29 orc warriors
  5 black bears
  2 sky beasts (D:7)
  7 ogres
  23 wolves
  4 boggarts (Lair:5)
  A centaur (D:9)
  13 kobold brigands
  13 bullfrogs
  A gnoll sergeant (D:3)
  2 scorpions
  2 deep troll simulacra (IceCv)
  10 wights
  10 killer bees (D:9)
  7 lindwurm simulacra (IceCv)
  A howler monkey (D:9)
  An electric eel (Lair:4)
  A lava snake (D:10)
  The ghost of RepHenryClay the Grave Robber, a weakling DENe (D:3)
  A jelly (D:5)
  4 gnoll boudas
  5 hounds
  19 orc priests
  2 sleepcaps
  2 iguanas
  Natasha (thrice) (D:3)
  34 orc wizards
  22 gnolls
  9 adders
  A river rat (Sewer)
  4 shadow imps (D:5)
  A white imp (D:7)
  5 ufetubi
  9 worms
  79 orcs
  5 endoplasms
  4 giant cockroaches
  6 goblins
  11 hobgoblins
  4 jackals (D:1)
  6 quokkas
  6 ball pythons
  8 bats
  7 frilled lizards
  26 kobolds
  14 rats
709 creatures vanquished.

Vanquished Creatures (others)
  A swamp dragon (Swamp:2)
  2 bloated husks (Swamp:2)
  2 foxfires (Swamp:1)
5 creatures vanquished.

Grand Total: 714 creatures vanquished

Notes
Turn   | Place    | Note
-------+----------+-------------------------------------------
     0 | D:1      | Jase the Troll Shapeshifter began the quest for the Orb.
     0 | D:1      | Reached XP level 1. HP: 18/18 MP: 0/0
   130 | D:1      | Reached skill level 1 in Fighting
   203 | D:1      | Reached XP level 2. HP: 27/27 MP: 1/1
   635 | D:2      | Reached XP level 3. HP: 23/33 MP: 2/2
   646 | D:2      | Reached XP level 4. HP: 28/42 MP: 3/3
   701 | D:2      | Reached XP level 5. HP: 40/49 MP: 4/4
  1264 | D:2      | Reached skill level 4 in Unarmed Combat
  1652 | D:3      | Found a glowing drain.
  1681 | Sewer    | Entered a sewer
  1755 | Sewer    | Reached XP level 6. HP: 54/59 MP: 5/5
  2197 | Sewer    | Reached XP level 7. HP: 67/67 MP: 6/6
  2255 | Sewer    | Reached skill level 5 in Unarmed Combat
  2461 | D:3      | Found a transporter.
  2461 | D:3      | Found a transporter.
  2471 | D:3      | Noticed RepHenryClay's ghost (weakling DENe)
  2676 | D:3      | Noticed Natasha
  2682 | D:3      | Killed Natasha
  2736 | D:3      | Noticed Natasha
  2741 | D:3      | Killed Natasha
  2747 | D:3      | Noticed Natasha
  2756 | D:3      | Killed Natasha
  3323 | D:4      | Reached XP level 8. HP: 76/78 MP: 7/7
  3423 | D:5      | Entered Level 5 of the Dungeon
  3475 | D:5      | Reached skill level 5 in Shapeshifting
  4053 | D:5      | Reached skill level 6 in Unarmed Combat
  4113 | D:5      | Found a transporter.
  4230 | D:5      | Noticed a kobold demonologist
  4240 | D:5      | Found a transporter.
  4784 | D:6      | Reached skill level 5 in Dodging
  4820 | D:6      | Found Reewutib's Weapon Shoppe.
  5014 | D:6      | Reached XP level 9. HP: 81/87 MP: 8/8
  5062 | D:6      | Found Piniss's Weapon Shop.
  5131 | D:6      | Found Xoept's Distillery.
  5138 | D:6      | Bought a potion of heal wounds for 65 gold pieces
  5138 | D:6      | Bought a potion of enlightenment for 65 gold pieces
  5138 | D:6      | Bought a potion of attraction for 39 gold pieces
  5437 | D:6      | Found a blossoming altar of Fedhas.
  5441 | D:6      | Found a sacrificial altar of Ru.
  5444 | D:6      | Found an ornate altar of the Wu Jian Council.
  5448 | D:6      | Became a worshipper of the Wu Jian Council
  5491 | D:7      | Reached skill level 5 in Fighting
  5729 | D:7      | Reached skill level 7 in Unarmed Combat
  5860 | D:6      | Bought a potion of might for 52 gold pieces
  5903 | D:7      | Found a staircase to the Ecumenical Temple.
  6044 | D:7      | Identified the +0 ring mail of the Fletcher {rC+ Dex+5}
  6384 | D:8      | Reached * piety under Wu Jian
  6707 | D:6      | Bought a potion of brilliance for 52 gold pieces
  6760 | Temple   | Found a transporter.
  6760 | Temple   | Found a transporter.
  6760 | Temple   | Found a transporter.
  6760 | Temple   | Found a transporter.
  6760 | Temple   | Entered the Ecumenical Temple
  6810 | D:8      | Found a staircase to the Lair.
  6919 | D:9      | Noticed a kobold demonologist
  6934 | D:9      | Killed a kobold demonologist
  6936 | D:9      | Reached XP level 10. HP: 89/98 MP: 9/9
  6978 | D:9      | Reached skill level 8 in Unarmed Combat
  7160 | D:9      | Reached ** piety under Wu Jian
  7161 | D:9      | Noticed a two-headed ogre
  7167 | D:9      | Killed a two-headed ogre
  7389 | D:9      | Found a staircase to the Orcish Mines.
  7705 | D:10     | Entered Level 10 of the Dungeon
  7705 | D:10     | Noticed a molten gargoyle
  7762 | Lair:1   | Entered Level 1 of the Lair of Beasts
  7886 | Lair:1   | Reached skill level 9 in Unarmed Combat
  7986 | Lair:1   | Noticed a cane toad
  8042 | Lair:1   | Killed a cane toad
  8043 | Lair:1   | Reached XP level 11. HP: 90/109 MP: 10/10
  8190 | Lair:1   | Identified the +0 robe of the Gloaming {Rampage rN+}
  8890 | Lair:2   | Reached skill level 1 in Maces & Flails
  9468 | Lair:2   | Found a hole to the Spider Nest.
  9468 | Lair:2   | Noticed a pharaoh ant
  9476 | Lair:2   | Killed a pharaoh ant
 10036 | Lair:3   | Reached skill level 10 in Unarmed Combat
 10066 | Lair:3   | Reached *** piety under Wu Jian
 10095 | Lair:3   | Found a gate leading to a gauntlet.
 10138 | Lair:3   | Noticed a skyshark
 10147 | Lair:3   | Killed a skyshark
 10180 | Gauntlet | Entered a Gauntlet
 10180 | Gauntlet | Found a transporter.
 10180 | Gauntlet | Found a transporter.
 10180 | Gauntlet | Found a transporter.
 10181 | Gauntlet | Found a transporter.
 10184 | Gauntlet | Found a transporter.
 10189 | Gauntlet | Noticed a death yak
 10190 | Gauntlet | Noticed a death yak
 10192 | Gauntlet | Noticed a death yak
 10193 | Gauntlet | Noticed a death yak
 10194 | Gauntlet | Noticed a fire crab
 10195 | Gauntlet | Noticed a death yak
 10195 | Gauntlet | Noticed a necromancer
 10195 | Gauntlet | Noticed a death yak
 10197 | Gauntlet | Found a transporter.
 10262 | Gauntlet | Found a transporter.
 10266 | Gauntlet | Noticed a sixfirhy
 10279 | Gauntlet | Found a transporter.
 10292 | Gauntlet | Found a transporter.
 10297 | Gauntlet | Noticed a catoblepas
 10306 | Gauntlet | Found a transporter.
 10319 | Gauntlet | Found a transporter.
 10326 | Gauntlet | Found a transporter.
 10415 | Gauntlet | Reached XP level 12. HP: 120/120 MP: 11/11
 10489 | Gauntlet | Killed a catoblepas
 10593 | Gauntlet | Noticed a minotaur
 10601 | Gauntlet | Killed a minotaur
 11019 | Lair:3   | Found a staircase to the Swamp.
 11134 | Lair:3   | Reached skill level 11 in Unarmed Combat
 11464 | Lair:4   | Reached **** piety under Wu Jian
 11531 | Lair:4   | Noticed a seven-headed hydra
 11539 | Lair:4   | Killed a seven-headed hydra
 11730 | Lair:4   | Reached XP level 13. HP: 109/131 MP: 12/12
 12085 | Lair:4   | Found a viscous altar of Jiyva.
 12085 | Lair:4   | Found a staircase to the Slime Pits.
 12092 | Lair:4   | Identified 2 scrolls of acquirement
 12092 | Lair:4   | Acquired the +1 cloak of the Carpenter {rC++ Will+}
 12114 | Lair:4   | Acquired a ring of see invisible
 12359 | Lair:5   | Entered Level 5 of the Lair of Beasts
 12453 | Lair:5   | Found a transporter.
 12461 | Lair:5   | Found a transporter.
 12477 | Lair:5   | Reached skill level 10 in Shapeshifting
 12763 | Lair:5   | Reached skill level 12 in Unarmed Combat
 12834 | Lair:5   | Reached skill level 10 in Dodging
 12882 | Lair:5   | Reached ***** piety under Wu Jian
 12963 | Lair:5   | Reached skill level 10 in Fighting
 13271 | Lair:5   | Noticed jejorda2's ghost (journeyman GnBe)
 13694 | D:3      | Killed RepHenryClay's ghost
 14012 | Orc:1    | Entered Level 1 of the Orcish Mines
 14018 | Orc:1    | Noticed Josephine
 14028 | Orc:1    | Killed Josephine
 14208 | D:10     | Paralysed by a hornet for 2 turns
 14342 | D:10     | Noticed Sonja
 14352 | D:10     | Killed Sonja
 14651 | D:10     | Found Faku's General Store.
 14653 | D:10     | Found Uleixow's Specific Store.
 14658 | D:10     | Bought a scroll of identify for 24 gold pieces
 14659 | D:10     | Bought a potion of might for 48 gold pieces
 14659 | D:10     | Bought a scroll of teleportation for 36 gold pieces
 15380 | Orc:2    | Entered Level 2 of the Orcish Mines
 15408 | Orc:2    | Found Duen Tal's Weapon Shoppe.
 15484 | Orc:2    | Reached XP level 14. HP: 144/144 MP: 13/13
 15503 | Orc:2    | Noticed Saint Roka
 15521 | Orc:2    | Killed Saint Roka
 15747 | Orc:2    | Reached skill level 13 in Unarmed Combat
 15753 | Orc:2    | Found Aboet's Armour Emporium.
 15753 | Orc:2    | Found Xylakuf's Antique Weapon Boutique.
 15766 | Orc:2    | Found Naexife's Book Boutique.
 15766 | Orc:2    | Found Egatujum's Magic Scroll Emporium.
 16023 | Orc:2    | Found Diblutu's Overcharged Wands.
 16024 | Orc:2    | Noticed Urug
 16041 | Orc:2    | Killed Urug
 16095 | Orc:2    | Noticed Dittersdorf's ghost (journeyman GrFi)
 16201 | Orc:2    | Found a transporter.
 16206 | Orc:2    | Found a transporter.
 16214 | Orc:2    | Found a staircase to the Elven Halls.
 16239 | Orc:2    | Found a one-way gate to the infinite horrors of the Abyss.
 16361 | Orc:2    | Bought a scroll of identify for 22 gold pieces
 16666 | Swamp:1  | Entered Level 1 of the Swamp
 16978 | Swamp:1  | Found a frozen archway.
 17051 | IceCv    | Entered an ice cave
 17512 | IceCv    | Found an ancient bone altar of Kikubaaqudgha.
 17593 | IceCv    | Reached XP level 15. HP: 76/154 MP: 14/14
 17840 | IceCv    | Got the Precepts of Glaciation
 17904 | IceCv    | Noticed a lich
 17919 | IceCv    | Killed a lich
 17920 | IceCv    | Reached skill level 14 in Unarmed Combat
 17922 | IceCv    | Reached ****** piety under Wu Jian
 17988 | IceCv    | Got the Papyrus of the Postmortem Tundra
 18534 | Swamp:2  | Found a runed translucent door.
 18537 | Swamp:2  | Noticed Lusaduv's ghost (adept MiBe)
 18889 | Swamp:2  | Paralysed by a hornet for 2 turns
 19164 | Swamp:2  | Noticed a tentacled monstrosity
 19192 | Swamp:2  | Killed a tentacled monstrosity
 19656 | Swamp:3  | Noticed a fenstrider witch
 19658 | Swamp:3  | Noticed a fenstrider witch
 19661 | Swamp:3  | Noticed a fenstrider witch
 19669 | Swamp:3  | Killed a fenstrider witch
 19676 | Swamp:3  | Killed a fenstrider witch
 19685 | Swamp:3  | HP: 7/188 [??? (5)]
 19686 | Swamp:3  | Mangled by a fenstrider witch

Illustrated notes

Levels and vault maps discovered:
D:1:      matt_arrival_refuge, layout_loops_ring
D:2:      minmay_alternating_diamond, layout_basic
D:3:      layout_basic, cheibrodos_sewer_entry_bend,
          gammafunk_ghost_gnarly_gnolls, minivault_5, uniq_natasha
D:4:      layout_rooms, kennysheep_generic_room_2
D:5:      gammafunk_wand_slinger, layout_basic, nicolae_hexahallways
D:6:      layout_basic, grunt_temple_overflow_diamond, serial_shops,
          nicolae_shop_trees, nicolae_shop_bloodbath_and_beyond,
          nicolae_take_the_stairs, minivault_23, due_unseen_surprise
D:7:      layout_gridville, minmay_temple_entry_crystal_x
D:8:      layout_rooms, lair_entry_dummy
D:9:      layout_roguey, orc_0_dummy, minivault_19
D:10:     layout_roguey, nicolae_specific_store, minivault_8, uniq_sonja
Temple:   hellmonk_temple_divided_pantheon
Lair:1:   layout_hall_layers, hibernation_bobbens
Lair:2:   layout_cave_pods, nicolae_spider_entry_lesser_pyramids,
          chequers_serial_rivers_micro_e
Lair:3:   layout_loops_ring, swamp_mist, gauntlet_entry_generic
Lair:4:   layout_misc_corridors, dpeg_slime_entry_enclosed,
          nicolae_lair_lil_pond, cheibrodos_lair_caveside_slide,
          serial_bayou_crossing
Lair:5:   minmay_lair_end_enchanted_forest, layout_misc_corridors,
          gammafunk_ghost_wrathful_warriors, infiniplex_staircase_pool_2,
          serial_bayou_shore_b
Swamp:1:  layout_falls_marsh, portal_ice_cave_entry_ice_statue_two,
          nicolae_swamp_orc_logging_accident
Swamp:2:  cheibrodos_swamp_monstrosity, layout_basic_swamp,
          gammafunk_ghost_grave, serial_swamp_ruin, evilmike_swamp_ruin_house_1,
          hangedman_swamp_ruin_wall, evilmike_swamp_ruin_house_5, swamp_pool3
Swamp:3:  nicolae_swamp_standing_stones, layout_falls_marsh,
          evilmike_swamp_ruin_rubble_2, nzn_swamp_weyward_sisters,
          uniq_mlioglotl
Orc:1:    layout_diamond_mine, uniq_josephine
Orc:2:    grunt_orc_tribal_feast, layout_diamond_mine, serial_shops,
          nicolae_shop_waterfront, gammafunk_ghost_abyssal_escape,
          nicolae_shop_overcharged_wands, uniq_saint_roka, uniq_urug

Skill      XL: |  1  2  3  4  5  6  7  8  9 10 11 12 13 14 15 |
---------------+----------------------------------------------+-----
Fighting       | 1 2 3 4 6 7 8 9 10 11 12 | 12.2
Dodging        | 2 3 4 5 6 7 8 9 10 11 12 | 12.2
Unarmed Combat | 4 5 6 7 9 10 11 12 13 14 | 14.6
Shapeshifting  | 4 5 6 7 8 9 10 11 12 | 12.5
Maces & Flails | 3 |  3.0

Action                     |  1- 3 |  4- 6 |  7- 9 | 10-12 | 13-15 || total
---------------------------+-------+-------+-------+-------+-------++-------
  Melee: Unarmed           |    53 |   133 |   398 |   469 |  1045 ||  2098
         Punch             |       |     1 |    14 |    25 |    16 ||    56
         Constrict         |       |       |       |    21 |   173 ||   194
         Maw               |       |       |       |       |    31 ||    31
 Invoke: Serpent's Lash    |       |       |       |     1 |     5 ||     6
         Heavenly Storm    |       |       |       |       |     2 ||     2
Ability: Lunge             |       |       |    19 |    55 |   139 ||   213
         Whirlwind         |       |       |    13 |    64 |   182 ||   259
         Wall Jump         |       |       |       |    13 |    12 ||    25
  Evoke: Wand              |       |       |       |       |     2 ||     2
    Use: Scroll            |       |       |       |    16 |    15 ||    31
         Potion            |       |       |       |     4 |       ||     4
   Stab: Sleeping          |     1 |       |     2 |     1 |       ||     4
         Distracted        |       |       |     1 |       |       ||     1
 Armour: Animal skin       |    13 |     9 |    88 |    46 |       ||   156
         Skin              |       |       |       |    16 |   227 ||   243
  Dodge: Dodged            |    36 |    59 |   316 |   263 |   549 ||  1223
   Form: Anaconda          |       |       |       |     1 |     3 ||     4
                           |       |       |       |       |     2 ||     2
         Maw               |       |       |       |       |     1 ||     1

Table legend: (Time is in decaauts)
 A = Elapsed time spent in this place.
 B = Non-inter-level travel time spent in this place.
 C = Inter-level travel time spent in this place.
 D = Time resting spent in this place.
 E = Time spent auto-exploring this place.
 F = Levels seen in this place.
 G = Mean time per level.
                   A        B        C        D        E       F      G
               +--------+--------+--------+--------+--------+-----+--------+
         Total |  19571 |  18041 |   1530 |   2275 |   9904 |  24 |  815.5 |
       Dungeon |   8494 |   7409 |   1085 |    495 |   5172 |  10 |  849.4 |
        Temple |      1 |      1 |      0 |      0 |      0 |   1 |    1.0 |
          Lair |   5300 |   4995 |    305 |    632 |   3133 |   5 | 1060.0 |
         Swamp |   1955 |   1920 |     35 |    649 |    671 |   3 |  651.7 |
  Orcish Mines |   1689 |   1585 |    104 |     96 |    545 |   2 |  844.5 |
         Sewer |    636 |    636 |      0 |     22 |    325 |   1 |  636.0 |
      Ice Cave |   1055 |   1055 |      0 |    324 |     58 |   1 | 1055.0 |
      Gauntlet |    438 |    438 |      0 |     56 |      0 |   1 |  438.0 |
               +--------+--------+--------+--------+--------+-----+--------+

Top non-repeatable levels by time:
     D:5: 1373 daAuts
  Lair:2: 1286 daAuts
   Orc:2: 1124 daAuts
     D:9: 1064 daAuts
  Lair:5: 1064 daAuts
   IceCv: 1055 daAuts
     D:2: 1039 daAuts
  Lair:1: 1028 daAuts
     D:6: 1017 daAuts
     D:3: 982 daAuts
 Swamp:2: 978 daAuts
  Lair:4: 963 daAuts
  Lair:3: 957 daAuts
     D:7: 851 daAuts
 Swamp:1: 730 daAuts
